 Dungeon Crawl Stone Soup version 0.30-a0-414-gcb316572d5 (webtiles) character file.

Game seed: 14446527818986046538

95 p00ps00p the Trooper (level 4, 0/41 HPs)
             Began as a Hill Orc Fighter on Dec 8, 2022.
             Was an Initiate of Gozag.
             Slain by Natasha (4 damage)
             ... on level 3 of the Dungeon.
             The game lasted 00:02:33 (2182 turns).

p00ps00p the Trooper (Hill Orc Fighter)             Turns: 2182, Time: 00:02:34

Health: 0/41       AC: 13    Str: 20    XL:     4   Next: 65%
Magic:  4/4        EV:  2    Int: 14    God:    Gozag
Gold:   195        SH:  4    Dex: 10    Spells: 3/3 levels left

rFire   . . .      SeeInvis .    a - +0 war axe
rCold   . . .      Faith    .    c - +0 buckler
rNeg    . . .      Spirit   .    m - +0 plate armour of Sini {Int+6}
rPois   .          Reflect  .    k - +2 hat
rElec   .          Harm     .    (no cloak)
rCorr   .          Rampage  .    (no gloves)
Will    .....                    (no boots)
Stlth   ..........               (no amulet)
HPRegen 0.26/turn                (no ring)
MPRegen 0.09/turn                (no ring)

@: mighty, lethally poisoned (0 -> -12), grasped by roots, constricted
A: no striking features
a: Renounce Religion, Potion Petition, Call Merchant, Bribe Branch


You were on level 3 of the Dungeon.
You worshipped Gozag.
Gozag was aware of your devotion.
You visited 1 branch of the dungeon, and saw 3 of its levels.

You collected 270 gold pieces.
You paid 75 gold pieces to Gozag.

Inventory:

Hand Weapons
 a - a +0 war axe (weapon)
Armour
 b - a +0 scale mail
 c - a +0 buckler (worn)
 k - a +2 hat (worn)
 m - the +0 plate armour of Sini (worn) {Int+6}
   (You found it on level 2 of the Dungeon)

   Int:       It affects your intelligence (+6).
Jewellery
 i - an amulet of guardian spirit
Scrolls
 e - a scroll of noise {unknown}
 f - 5 scrolls of identify {unknown}
Potions
 d - a potion of might
 g - a potion of haste {unknown}
 h - a potion of curing {unknown}
 j - 2 potions of resistance {unknown}
 l - a potion of mutation {unknown}
 n - a potion of cancellation {unknown}
 o - a potion of brilliance {unknown}


   Skills:
 + Level 4.5 Fighting
 + Level 3.9 Axes
 + Level 4.0 Armour
 + Level 4.0 Shields


You had 3 spell levels left.
You didn't know any spells.
Your spell library contained the following spells:

 Spells                   Type           Power      Damage    Failure   Level
 Summon Small Mammal      Summ           0%         N/A       100%        1
 Cigotuvi's Dreadful Rot  Necr/Pois/Air  0%         N/A       100%        2
 Poisonous Vapours        Pois/Air       0%         N/A       100%        2
 Call Canine Familiar     Summ           0%         N/A       100%        3
 Mephitic Cloud           Conj/Pois/Air  0%         N/A       100%        3
 Summon Guardian Golem    Hex/Summ       0%         N/A       100%        3


Dungeon Overview and Level Annotations

Branches:
Dungeon (3/15)

Altars:
Gozag
Vehumet

Annotations:
D:3 Natasha


Message History

You barely miss the crimson imp.
You feel extremely sick.
The crimson imp hits you but does no damage.
Natasha claws you but does no damage. The grasping roots constrict you.
You closely miss Natasha.
Natasha is almost dead.
You closely miss the crimson imp.
You feel very sick. You block the crimson imp's attack.
Natasha casts a spell.
The grasping roots constrict you.
The kobold throws a poisoned dart.
The poisoned dart hits you!
You are lethally poisoned!
The crimson imp hits you but does no damage.
The grasping roots release their grip on you.
You are too injured to fight recklessly!
You are too injured to fight recklessly!
Unknown command.
You are too injured to fight recklessly!
Unknown command.
You are too injured to fight recklessly!
Unknown command.
You are too injured to fight recklessly!
You feel very mighty all of a sudden.
You feel very sick.
Natasha zaps a wand.
The roots erupt in riotous growth!
The grasping roots grab you!
The white imp is unaffected.
Natasha is unaffected.
The crimson imp is unaffected.
The grasping roots constrict you.
* * * LOW HITPOINT WARNING * * *
The crimson imp hits you but does no damage.
The white imp hits you but does no damage.
You closely miss Natasha.
Natasha is almost dead.
You closely miss the white imp. You closely miss the crimson imp.
* * * LOW HITPOINT WARNING * * *
You feel very sick. Natasha claws you.
You die...
Your body crumbles into a pile of gold.

#.# ## #.# ##.## $
#######.###..#..
........#..#...#.
#######..#...#...#
#..#...#...#..
#..#...#...#...#
#.#...#.5.#.5.#
#...#...#@hg#..
#.#...#..5#...#
....#.K.#...#...#
.#...#...#.. #..
..#...#...# #
#..!#...# .
.#...#.. #. . .^#
.#


You could see Natasha, a crimson imp (summoned), 2 white imps, a hobgoblin and a
kobold.

Vanquished Creatures
  Natasha (D:3)
  A gnoll (D:1)
  2 adders (D:2)
  An orc (D:3)
  3 bats
  6 endoplasms
  4 giant cockroaches
  A goblin (D:1)
  2 hobgoblins
  2 quokkas
  6 ball pythons
  3 frilled lizards
  5 kobolds
  7 rats
  7 bushes (D:1)
51 creatures vanquished.

Vanquished Creatures (others)
  2 plants (D:1)
2 creatures vanquished.

Grand Total: 53 creatures vanquished

Notes
Turn   | Place    | Note
-------+----------+-------------------------------------------
     0 | D:1      | p00ps00p the Hill Orc Fighter began the quest for the Orb.
     0 | D:1      | Reached XP level 1. HP: 19/19 MP: 1/1
   175 | D:1      | Reached XP level 2. HP: 23/27 MP: 2/2
   519 | D:1      | Reached XP level 3. HP: 33/33 MP: 3/3
  1394 | D:2      | Reached XP level 4. HP: 40/40 MP: 4/4
  1457 | D:2      | Identified the +0 plate armour of Sini {Int+6}
  1770 | D:3      | Found an opulent altar of Gozag.
  1792 | D:3      | Became a worshipper of Gozag Ym Sagoz the Greedy
  1804 | D:3      | Noticed Natasha
  1810 | D:3      | Killed Natasha
  2086 | D:3      | Found a radiant altar of Vehumet.
  2172 | D:3      | Noticed Natasha
  2182 | D:3      | Slain by Natasha

Illustrated notes

Levels and vault maps discovered:
D:1:      spicycebolla_arrival_ecumenical, layout_basic, serial_forest,
          infiniplex_forest_lined_room_3, infiniplex_forest_straight_2,
          infiniplex_forest_end_3, infiniplex_forest_lined_2,
          infiniplex_forest_lined_1, infiniplex_forest_fountain
D:2:      layout_basic, serial_aquarium, aquarium_bridge_long_joined
          [aquarium_subvault_bridge, aquarium_subvault_wall,
          aquarium_subvault_balcony, aquarium_subvault_bridge,
          aquarium_subvault_wall, aquarium_subvault_bridge],
          aquarium_window_corridor_3, aquarium_window_1, aquarium_window_1,
          aquarium_view_2d, aquarium_view_2g, aquarium_balcony_3b,
          aquarium_pool_corner
D:3:      layout_loops_ring, mainiacjoe_overflow_alcove_1,
          gammafunk_temple_overflow_claw, amcnicky_altar_gilded, hex_large,
          glass_columns_a, bh_walls_and_bars, uniq_natasha

Skill      XL: |  1  2  3  4 |
---------------+-------------+-----
Axes           | 3 |  3.9
Fighting       | 4 |  4.5
Armour         | 4 |  4.0
Shields        | 4 |  4.0

Action                   |  1- 3 |  4- 6 || total
-------------------------+-------+-------++-------
Melee: War axe           |   307 |    31 ||   338
  Use: Potion            |       |     1 ||     1
Armor: Scale mail        |    53 |     1 ||    54
       Plate armour      |       |    18 ||    18
Dodge: Dodged            |    47 |     5 ||    52
Block: Buckler           |    17 |     7 ||    24

Table legend: (Time is in decaauts)
 A = Elapsed time spent in this place.
 B = Non-inter-level travel time spent in this place.
 C = Inter-level travel time spent in this place.
 D = Time resting spent in this place.
 E = Time spent auto-exploring this place.
 F = Levels seen in this place.
 G = Mean time per level.
                   A        B        C        D        E       F      G
               +--------+--------+--------+--------+--------+-----+--------+
         Total |   2308 |   2195 |    113 |      0 |   1526 |   3 |  769.3 |
       Dungeon |   2308 |   2195 |    113 |      0 |   1526 |   3 |  769.3 |
               +--------+--------+--------+--------+--------+-----+--------+

Top non-repeatable levels by time:
     D:1: 1085 daAuts
     D:2: 801 daAuts
     D:3: 422 daAuts
